[Event "ICC tourney 2790 (30 10)"]
[Site "Internet Chess Club"]
[Date "2022.01.08"]
[Round "3"]
[White "S.M, UMER:uncrackable"]
[Black "WANG, JESSICA:crazyhorse9"]
[Result "1-0"]
[ICCResult "Black resigns"]
[WhiteElo "1794"]
[BlackElo "1575"]
[Opening "Queen's bishop game"]
[ECO "D02"]
[NIC "QP.06"]
[Time "17:01:01"]
[PlyCount "51"]
[TimeControl "1800+10"]

1. d4 Nf6 2. Nf3 d5 3. Bf4 Bf5 4. e3 e6 5. c4 h6 6. Nc3 c6 7. Qb3 Qb6 8. c5
Qxb3 9. axb3 Nbd7 10. h3 Be7 11. b4 Ne4 12. Nxe4 Bxe4 13. Nd2 Bh7 14. Nb3 f6
15. Kd2 e5 16. Bg3 Kf7 17. b5 exd4 18. exd4 cxb5 19. Bxb5 Nf8 20. c6 bxc6
21. Bxc6 Rd8 22. Bc7 Rc8 23. Bxd5+ Ke8 24. Rxa7 Bb4+ 25. Kd1 Nd7 26. Bc6
{Black resigns}
1-0

[Event "ICC tourney 2790 (30 10)"]
[Site "Internet Chess Club"]
[Date "2022.01.08"]
[Round "3"]
[White "Gyorgy, Zalan:z88"]
[Black "MARKOVIC, GORAN:Goran21"]
[Result "0-1"]
[ICCResult "White checkmated"]
[WhiteElo "1586"]
[BlackElo "1931"]
[Opening "Sicilian: Prins (Moscow) variation"]
[ECO "B55"]
[NIC "SI.01"]
[Time "17:00:12"]
[PlyCount "80"]
[TimeControl "1800+10"]

1. e4 c5 2. Nf3 d6 3. d4 cxd4 4. Nxd4 Nf6 5. f3 Nc6 6. c4 g6 7. Be3 Bg7 8.
Nc3 O-O 9. Be2 Bd7 10. O-O Rc8 11. Qd2 a6 12. Rac1 Re8 13. f4 Qa5 14. Nb3
Qb4 15. f5 Ne5 16. Nd5 Nxd5 17. cxd5 Qxe4 18. fxg6 hxg6 19. Rf4 Rxc1+ 20.
Nxc1 Qb1 21. Rb4 b5 22. Rh4 Rc8 23. Kf2 Rc2 24. Qa5 Rc8 25. Qa3 Rxc1 26.
Bxc1 Qxc1 27. Qxa6 Qc5+ 28. Kf1 Nc4 29. Bxc4 bxc4 30. Qa8+ Bc8 31. Qa4 Bf8
32. Qe8 Qxd5 33. Qxc8 Qd1+ 34. Kf2 Qd2+ 35. Kg3 Qe3+ 36. Kg4 f5+ 37. Qxf5
gxf5+ 38. Kxf5 e6+ 39. Kf6 Qe5+ 40. Kg6 Qf5# {White checkmated} 0-1

[Event "ICC tourney 2790 (30 10)"]
[Site "Internet Chess Club"]
[Date "2022.01.08"]
[Round "3"]
[White "BOMMIREDDY, SREEKAR:SBomm18"]
[Black "Hussaini, Faizan:chessgm13"]
[Result "1-0"]
[ICCResult "Black checkmated"]
[WhiteElo "1911"]
[BlackElo "1588"]
[Opening "Ruy Lopez: 5.O-O"]
[ECO "C78"]
[NIC "RL.12"]
[Time "17:00:06"]
[PlyCount "107"]
[TimeControl "1800+10"]

1. e4 e5 2. Nf3 Nc6 3. Bb5 a6 4. Ba4 Nf6 5. O-O b5 6. Bb3 Bc5 7. d3 h6 8. c3
O-O 9. d4 exd4 10. cxd4 Bb4 11. a3 Ba5 12. e5 Ne4 13. d5 Ne7 14. Qd4 Ng5 15.
Nxg5 hxg5 16. Bxg5 d6 17. Qh4 f6 18. exf6 Nf5 19. f7+ Rxf7 20. Bxd8 Nxh4 21.
Bxh4 Bf5 22. Nc3 Bb6 23. Rac1 Raf8 24. Bc2 Bd7 25. Bg3 a5 26. b4 Bd4 27. Ne2
Bb2 28. Rb1 Bxa3 29. bxa5 b4 30. Rfe1 Ra8 31. Nf4 Rxa5 32. Bg6 Rf8 33. Re7
Bf5 34. Bxf5 Rxf5 35. Ne6 Raxd5 36. Rxc7 Bb2 37. h4 Bc3 38. Ng5 g6 39. Ne4
Rd3 40. Nxd6 Rfd5 41. Ne4 Rd1+ 42. Rxd1 Rxd1+ 43. Kh2 Bg7 44. Rb7 Rd4 45. f3
Kh8 46. Be1 Bf8 47. Ng5 Bd6+ 48. Bg3 Rxh4+ 49. Nh3 Bxg3+ 50. Kxg3 Rc4 51.
Nf4 g5 52. Nd5 g4 53. Nf6 gxf3 54. Rh7# {Black checkmated} 1-0

[Event "ICC tourney 2790 (30 10)"]
[Site "Internet Chess Club"]
[Date "2022.01.08"]
[Round "3"]
[White "Vishwa, Susheel:sushivishwa"]
[Black "JIANG, ANDREW:K05-16091063"]
[Result "0-1"]
[ICCResult "White checkmated"]
[WhiteElo "1746"]
[BlackElo "1771"]
[Opening "Giuoco Piano"]
[ECO "C54"]
[NIC "IG.02"]
[Time "17:00:10"]
[PlyCount "102"]
[TimeControl "1800+10"]

1. e4 e5 2. Nf3 Nc6 3. Bc4 Bc5 4. c3 Nf6 5. d4 exd4 6. e5 d5 7. Bb5 Ne4 8.
cxd4 Bb6 9. Nc3 Bg4 10. Be3 O-O 11. Qc2 Bf5 12. Qb3 Ne7 13. Be2 c6 14. O-O
h6 15. Na4 Bh7 16. Rac1 Nf5 17. Nc5 Bxc5 18. dxc5 d4 19. Rfd1 dxe3 20. Rxd8
exf2+ 21. Kf1 Raxd8 22. g4 Nd4 23. Qe3 Nxf3 24. Bxf3 Nd2+ 25. Kxf2 Rd3 26.
Qe2 Rxf3+ 27. Kg1 Rd3 28. Rc3 Nf3+ 29. Kh1 Nd4 30. Qe1 Rxc3 31. bxc3 Ne6 32.
Qe3 Rd8 33. c4 Rd3 34. Qe2 Nf4 35. Qe1 Be4+ 36. Kg1 Nh3+ 37. Kf1 Bf3 38. e6
Kf8 39. exf7 Rd1 40. Qxd1 Bxd1 41. Kg2 Bxg4 42. Kg3 Be6 43. Kf3 Kxf7 44. Kg3
Ng5 45. Kh4 Bxc4 46. h3 Kg6 47. a4 Kf5 48. a5 Ne4 49. a6 bxa6 50. Kh5 Bf7+
51. Kh4 g5# {White checkmated} 0-1

[Event "ICC tourney 2790 (30 10)"]
[Site "Internet Chess Club"]
[Date "2022.01.08"]
[Round "3"]
[White "Aimdilokwong, Alec Daniel:Alec-hine"]
[Black "REISS, AIDEN:K09-16581243"]
[Result "1-0"]
[ICCResult "Black checkmated"]
[WhiteElo "1731"]
[BlackElo "1817"]
[Opening "Trompowsky attack (Ruth, Opocenský opening)"]
[ECO "A45"]
[NIC "QP.07"]
[Time "17:00:08"]
[PlyCount "109"]
[TimeControl "1800+10"]

1. d4 Nf6 2. Bg5 d5 3. Bxf6 gxf6 4. e3 c5 5. dxc5 e5 6. Nc3 Be6 7. Bb5+ Nc6
8. b4 a5 9. a3 d4 10. exd4 exd4 11. Nce2 Bd5 12. Nf3 Bxf3 13. gxf3 Bg7 14.
Qxd4 O-O 15. Qxd8 Rfxd8 16. Bxc6 bxc6 17. O-O Rd2 18. Ng3 Rxc2 19. Nf5 Rc4
20. Ne7+ Kf8 21. Nxc6 f5 22. Rab1 Rc8 23. Nxa5 Rc3 24. Rb3 Rxb3 25. Nxb3 Bb2
26. a4 Ba3 27. b5 Ra8 28. Ra1 Rxa4 29. b6 Bxc5 30. Rxa4 Bxb6 31. Rb4 Bc7 32.
Rb5 f4 33. Nc5 Kg7 34. Nd3 f6 35. Rb4 Kg6 36. Nxf4+ Kf5 37. Nd3 Bd8 38. Kg2
Ke6 39. Rh4 f5 40. Rxh7 Kf6 41. Rd7 Bb6 42. Rd6+ Kg7 43. Rxb6 f4 44. h4 Kf7
45. Kh3 Ke7 46. Kg4 Kf7 47. Kf5 Ke7 48. Rf6 Kd7 49. Ke5 Kc7 50. Rd6 Kb7 51.
Kd5 Kc7 52. Kc5 Kb7 53. Rc6 Kb8 54. Kb6 Ka8 55. Rc8# {Black checkmated} 1-0

[Event "ICC tourney 2790 (30 10)"]
[Site "Internet Chess Club"]
[Date "2022.01.08"]
[Round "3"]
[White "GEVORGYAN, DAVIT:Davo29"]
[Black "Vikas, Hema:madscience08"]
[Result "0-1"]
[ICCResult "White checkmated"]
[WhiteElo "1761"]
[BlackElo "1407"]
[Opening "Sicilian: Canal-Sokolsky attack, Sokolsky variation"]
[ECO "B52"]
[NIC "SI.01"]
[Time "17:00:08"]
[PlyCount "92"]
[TimeControl "1800+10"]

1. e4 c5 2. Nf3 d6 3. Bb5+ Bd7 4. Bxd7+ Qxd7 5. c4 Nc6 6. d4 cxd4 7. Nxd4 e5
8. Ne2 Nf6 9. Nbc3 Be7 10. f3 O-O 11. Be3 Rad8 12. Qd2 Rfe8 13. Rc1 Rc8 14.
b3 b6 15. O-O Nd8 16. Rfd1 Ne6 17. Nd5 Nxd5 18. Qxd5 Red8 19. Qd2 h6 20. Rc3
Ng5 21. Rd3 Qe6 22. Ng3 Qg6 23. Kh1 Ne6 24. Nf5 Bf8 25. Qf2 Nf4 26. Bxf4
exf4 27. Qd2 Qg5 28. h4 Qf6 29. Qxf4 Rc5 30. Rd5 Rxd5 31. Rxd5 Qa1+ 32. Kh2
Qxa2 33. Nxd6 Bxd6 34. Rxd6 Rxd6 35. Qxd6 Qf2 36. Qg3 Qe3 37. Qb8+ Kh7 38.
Qxa7 Qf4+ 39. g3 Qxf3 40. Qxb6 Qe2+ 41. Kg1 Qe1+ 42. Kh2 Qe2+ 43. Kh3 Qf1+
44. Kg4 g6 45. Qd4 f5+ 46. exf5 Qxf5# {White checkmated} 0-1

[Event "ICC tourney 2790 (30 10)"]
[Site "Internet Chess Club"]
[Date "2022.01.08"]
[Round "3"]
[White "LIU, ETHAN:soggydollar"]
[Black "WANG, ALEXANDER J:ickyquarter"]
[Result "0-1"]
[ICCResult "White forfeits on time"]
[WhiteElo "1724"]
[BlackElo "1865"]
[Opening "Sicilian: dragon, Yugoslav attack, Rauser variation"]
[ECO "B76"]
[NIC "SI.17"]
[Time "17:00:11"]
[PlyCount "80"]
[TimeControl "1800+10"]

1. e4 c5 2. Nf3 d6 3. d4 cxd4 4. Nxd4 Nf6 5. Nc3 g6 6. Be3 Bg7 7. f3 O-O 8.
Qd2 Nc6 9. O-O-O d5 10. Nxc6 bxc6 11. exd5 cxd5 12. Nxd5 Nxd5 13. Qxd5 Qc7
14. Qc5 Qb7 15. Bd4 Bf5 16. Bd3 Rfc8 17. Qa3 Bxd3 18. Rxd3 Qc7 19. Rc3 Qf4+
20. Be3 Qe5 21. Rd1 Rab8 22. Rxc8+ Rxc8 23. h3 Qc7 24. Qd3 Rb8 25. c3 Qa5
26. Qd5 Qc7 27. Bd4 Rd8 28. Qc5 Qd7 29. Qxa7 Bh6+ 30. Kc2 Qf5+ 31. Rd3 e5
32. Qc5 exd4 33. Qxf5 gxf5 34. Rxd4 Rxd4 35. cxd4 Kf8 36. b4 Ke7 37. Kd3 Kd6
38. Kc4 Be3 39. a4 Kc6 40. a5 Bd2 {White forfeits on time} 0-1

[Event "ICC tourney 2790 (30 10)"]
[Site "Internet Chess Club"]
[Date "2022.01.08"]
[Round "3"]
[White "VIDENA, DANIEL TUAPEN:Davide25"]
[Black "REVELLON, LUCAS:Lukastico"]
[Result "0-1"]
[ICCResult "White resigns"]
[WhiteElo "1633"]
[BlackElo "1808"]
[Opening "QGD: 4.Bg5 Be7"]
[ECO "D53"]
[NIC "QO.13"]
[Time "17:00:17"]
[PlyCount "118"]
[TimeControl "1800+10"]

1. d4 Nf6 2. c4 e6 3. Nc3 d5 4. Bg5 Be7 5. e3 Nbd7 6. Nf3 h6 7. Bh4 O-O 8.
Qc2 b6 9. Rc1 Bb7 10. cxd5 exd5 11. Bd3 c5 12. O-O c4 13. Bf5 a6 14. Rfe1 b5
15. a3 Re8 16. e4 dxe4 17. Nxe4 Nxe4 18. Bxe4 Bxe4 19. Qxe4 Bxh4 20. Qxh4
Qxh4 21. Nxh4 g6 22. Nf3 f6 23. h4 Kf7 24. g4 Nb6 25. g5 hxg5 26. hxg5 Na4
27. Rxe8 Rxe8 28. Rc2 fxg5 29. Nxg5+ Kf6 30. Nf3 Kf5 31. Ne5 g5 32. f3 Kf4
33. Kf2 Rd8 34. Rd2 Nc5 35. Nf7 Rd5 36. Ne5 Nb3 37. Ng6+ Kf5 38. Ne7+ Ke6
39. Re2+ Kd6 40. Nxd5 Kxd5 41. Ke3 Ke6 42. Rg2 Kf5 43. d5 Nc5 44. Rd2 Nd3
45. Rxd3 cxd3 46. Kxd3 Ke5 47. d6 Kxd6 48. Kd4 a5 49. b4 a4 50. Ke4 Ke6 51.
f4 gxf4 52. Kxf4 Kd5 53. Ke3 Kc4 54. Kd2 Kb3 55. Kd3 Kxa3 56. Kc3 Ka2 57.
Kc2 a3 58. Kc3 Kb1 59. Kb3 a2 {White resigns} 0-1

[Event "ICC tourney 2790 (30 10)"]
[Site "Internet Chess Club"]
[Date "2022.01.08"]
[Round "3"]
[White "SKARIAH, ANUSHKA ELIZABETH:kskariah"]
[Black "BAYYARAPU, MOHIT SREEJAN:mohitbayyarapu"]
[Result "0-1"]
[ICCResult "White checkmated"]
[WhiteElo "1620"]
[BlackElo "1677"]
[Opening "Sicilian: Kan, 5.Nc3"]
[ECO "B43"]
[NIC "SI.41"]
[Time "17:00:38"]
[PlyCount "150"]
[TimeControl "1800+10"]

1. e4 c5 2. Nf3 e6 3. d4 cxd4 4. Nxd4 a6 5. Nc3 Qc7 6. Be3 Bb4 7. Bd2 Nf6 8.
Bd3 O-O 9. O-O Be7 10. Kh1 d6 11. Be3 Nbd7 12. Nb3 b5 13. a3 Bb7 14. f4 Rfd8
15. Qe2 Nc5 16. e5 Nd5 17. Nxd5 Bxd5 18. Nxc5 dxc5 19. c3 Qc6 20. Bc2 Bc4
21. Qf3 Qxf3 22. Rxf3 g6 23. Re1 Rd7 24. Rf2 Rad8 25. g3 Bd3 26. Bd1 Be4+
27. Bf3 Bxf3+ 28. Rxf3 a5 29. h4 h5 30. Kh2 Rd3 31. Rf2 b4 32. axb4 axb4 33.
cxb4 cxb4 34. Rc2 R8d7 35. Kg2 Rb3 36. Ree2 Kf8 37. Rc8+ Rd8 38. Rcc2 Ke8
39. Bb6 Rb8 40. Bd4 Rd3 41. Be3 b3 42. Rc7 Kd8 43. Rc4 Rc8 44. Bb6+ Kd7 45.
Rd4+ Rxd4 46. Bxd4 Rc2 47. Rxc2 bxc2 48. Be3 Kc6 49. Kf2 Kd5 50. Ke2 Ke4 51.
Kd2 Bb4+ 52. Ke2 Be7 53. Bc1 Bc5 54. Kd2 Kf3 55. Kxc2 Kxg3 56. Bd2 Kxh4 57.
b4 Bb6 58. Kd3 Kg3 59. Ke2 h4 60. Kf1 h3 61. Be1+ Kxf4 62. Ke2 h2 63. Bg3+
Kxg3 64. Kd3 h1=Q 65. Kc3 Qc1+ 66. Kb3 Bd4 67. Ka4 Bc3 68. Kb5 Qb2 69. Ka6
Qxb4 70. Ka7 Qb5 71. Ka8 Kf3 72. Ka7 Bd4+ 73. Ka8 Bxe5 74. Ka7 Ke4 75. Ka8
Qb8# {White checkmated} 0-1

[Event "ICC tourney 2790 (30 10)"]
[Site "Internet Chess Club"]
[Date "2022.01.08"]
[Round "3"]
[White "Walsh, Tim R:Telos53"]
[Black "WU, JAYDEN:SparkyNinja"]
[Result "1-0"]
[ICCResult "Black checkmated"]
[WhiteElo "1868"]
[BlackElo "1664"]
[Opening "Queen's pawn game"]
[ECO "D05"]
[NIC "QP.06"]
[Time "17:00:12"]
[PlyCount "181"]
[TimeControl "1800+10"]

1. d4 Nf6 2. Nf3 e6 3. e3 d5 4. Bd3 Bd6 5. O-O O-O 6. b3 c5 7. Bb2 b6 8.
Nbd2 Bb7 9. Ne5 Nc6 10. f4 Ne7 11. Rf3 Nf5 12. g4 Bxe5 13. gxf5 Bd6 14. fxe6
fxe6 15. Rh3 h6 16. Nf3 Rc8 17. Ne5 Bxe5 18. dxe5 Ne4 19. Qg4 Kh7 20. Qxe6
Rc6 21. Bxe4+ dxe4 22. Qc4 Rg6+ 23. Rg3 Qd2 24. Qc3 Qe2 25. Rf1 Rf5 26. e6
Rxg3+ 27. hxg3 Qg4 28. Rf2 Rh5 29. e7 Bc6 30. Qd2 Rh3 31. Rg2 Qh5 32. Qe2
Rh1+ 33. Kf2 Qh3 34. c4 Rh2 35. Rxh2 Qxh2+ 36. Ke1 Qxg3+ 37. Kd2 Qh4 38. Qg2
Qxe7 39. Be5 Qd7+ 40. Kc3 Qf7 41. a4 Qd7 42. Kb2 a6 43. Bc3 b5 44. cxb5 axb5
45. axb5 Bxb5 46. Qxe4+ Kg8 47. Qe5 c4 48. b4 Ba4 49. f5 Bb3 50. f6 gxf6 51.
Qxf6 Qh7 52. Qd8+ Kf7 53. Qd5+ Ke8 54. Qe5+ Kf8 55. Qd6+ Ke8 56. Qb8+ Kf7
57. Qf4+ Ke8 58. e4 Qa7 59. Qe5+ Kd8 60. Qd6+ Kc8 61. Qf8+ Kb7 62. Qe7+ Ka8
63. Qd8+ Qb8 64. Qa5+ Qa7 65. Qd5+ Qb7 66. Qe5 Qb8 67. Qa5+ Qa7 68. Qxa7+
Kxa7 69. e5 Kb7 70. e6 Kc6 71. e7 Kd7 72. Bf6 Ba4 73. Kc3 Ke6 74. Bh4 Bb5
75. Kd4 Kf5 76. Kc5 Be8 77. Kxc4 Kg4 78. Bf6 h5 79. b5 Kf5 80. b6 Kxf6 81.
b7 Kxe7 82. b8=Q Bf7+ 83. Kd4 Kf6 84. Qe5+ Kg6 85. Ke3 Kh7 86. Kf4 Kg8 87.
Kg5 Kf8 88. Kf6 h4 89. Qe7+ Kg8 90. Qxf7+ Kh8 91. Qg7# {Black checkmated}
1-0

[Event "ICC tourney 2790 (30 10)"]
[Site "Internet Chess Club"]
[Date "2022.01.08"]
[Round "4"]
[White "MARKOVIC, GORAN:Goran21"]
[Black "Vishwa, Susheel:sushivishwa"]
[Result "1-0"]
[ICCResult "Black resigns"]
[WhiteElo "1931"]
[BlackElo "1746"]
[Opening "Ruy Lopez: exchange, Gligoric variation"]
[ECO "C69"]
[NIC "RL.08"]
[Time "19:00:34"]
[PlyCount "79"]
[TimeControl "1800+10"]

1. e4 e5 2. Nf3 Nc6 3. Bb5 a6 4. Bxc6 dxc6 5. O-O f6 6. d4 exd4 7. Nxd4 c5
8. Nb3 Qxd1 9. Rxd1 Bd7 10. Bf4 O-O-O 11. Nc3 Ne7 12. Nxc5 Ng6 13. Be3 Bd6
14. Nxd7 Rxd7 15. g3 h5 16. h4 Ne5 17. Kg2 Rg8 18. Nd5 Nc4 19. Bd4 c6 20.
Nb6+ Nxb6 21. Bxb6 g5 22. hxg5 fxg5 23. Rd3 Be5 24. Rxd7 Kxd7 25. Rd1+ Ke7
26. Bc5+ Ke6 27. b3 h4 28. gxh4 gxh4+ 29. Kh3 Bf6 30. Rd6+ Kf7 31. Rd7+ Ke6
32. Rxb7 Ke5 33. Rf7 Bg5 34. f3 Ke6 35. Rf8 Rg7 36. f4 Bf6 37. Rxf6+ Kxf6
38. Bd4+ Kf7 39. Bxg7 Kxg7 40. Kxh4 {Black resigns} 1-0

[Event "ICC tourney 2790 (30 10)"]
[Site "Internet Chess Club"]
[Date "2022.01.08"]
[Round "4"]
[White "REISS, AIDEN:K09-16581243"]
[Black "LIU, ETHAN:soggydollar"]
[Result "0-1"]
[ICCResult "White checkmated"]
[WhiteElo "1817"]
[BlackElo "1724"]
[Opening "Sicilian defense"]
[ECO "B44"]
[NIC "SI.39"]
[Time "19:00:13"]
[PlyCount "84"]
[TimeControl "1800+10"]

1. e4 c5 2. Ne2 e6 3. d4 cxd4 4. Nxd4 Nc6 5. c4 Nf6 6. Nc3 Bb4 7. Nxc6 bxc6
8. Bd3 O-O 9. e5 Qa5 10. exf6 Bxc3+ 11. bxc3 Qxc3+ 12. Qd2 Qxa1 13. fxg7
Qxg7 14. h4 f5 15. Rh3 f4 16. Bb2 e5 17. h5 d6 18. h6 Qxg2 19. Rg3+ fxg3 20.
Qg5+ Kf7 21. Qh5+ Ke7 22. Qg5+ Ke8 23. fxg3 Qxb2 24. Qh5+ Kd8 25. Bxh7 Qf2+
26. Kd1 Qf3+ 27. Qxf3 Rxf3 28. Bg6 Rf1+ 29. Ke2 Rh1 30. h7 Bg4+ 31. Kf2 Kc7
32. Bf7 Rxh7 33. Bg6 Rg7 34. Bd3 Rf8+ 35. Ke1 Rf3 36. Kd2 Rxd3+ 37. Kc2 e4
38. a3 Bd1+ 39. Kb2 Rgxg3 40. a4 Rg2+ 41. Kc1 Bxa4 42. Kb1 Rd1#
{White checkmated}
0-1

[Event "ICC tourney 2790 (30 10)"]
[Site "Internet Chess Club"]
[Date "2022.01.08"]
[Round "4"]
[White "JIANG, ANDREW:K05-16091063"]
[Black "OPASKA, MICHAEL:mopaska1106"]
[Result "1-0"]
[ICCResult "Black resigns"]
[WhiteElo "1771"]
[BlackElo "1874"]
[Opening "Sicilian defense"]
[ECO "B30"]
[NIC "SI.31"]
[Time "19:00:12"]
[PlyCount "69"]
[TimeControl "1800+10"]

1. e4 c5 2. Nf3 Nc6 3. c3 Nf6 4. e5 Nd5 5. d4 cxd4 6. cxd4 d6 7. Bc4 e6 8.
O-O Nb6 9. Bb3 Be7 10. Nc3 O-O 11. Qe2 d5 12. Bf4 a6 13. Bc2 Bd7 14. Qd3 g6
15. a3 Rc8 16. Bh6 Re8 17. Qd2 Bf8 18. Bg5 Be7 19. Qf4 Nxd4 20. Qxd4 Bxg5
21. Nxg5 Qxg5 22. Qxb6 Qd2 23. Ba4 Bxa4 24. Nxa4 Re7 25. Nc3 Rec7 26. Rfd1
Qc2 27. g4 Rc4 28. h3 g5 29. Rac1 Qg6 30. Qxb7 d4 31. Rxd4 Rxd4 32. Qxc8+
Kg7 33. Ne2 Re4 34. Ng3 Rxe5 35. Nh5+ {Black resigns} 1-0

[Event "ICC tourney 2790 (30 10)"]
[Site "Internet Chess Club"]
[Date "2022.01.08"]
[Round "4"]
[White "WANG, JESSICA:crazyhorse9"]
[Black "SKARIAH, ANUSHKA ELIZABETH:kskariah"]
[Result "1-0"]
[ICCResult "Black checkmated"]
[WhiteElo "1575"]
[BlackElo "1620"]
[Opening "French: Steinitz variation"]
[ECO "C11"]
[NIC "FR.04"]
[Time "19:00:33"]
[PlyCount "63"]
[TimeControl "1800+10"]

1. e4 e6 2. d4 d5 3. Nc3 Nf6 4. e5 Nfd7 5. Be3 c5 6. Nge2 Nc6 7. f4 Qb6 8.
Qd2 Be7 9. O-O-O O-O 10. g4 a6 11. f5 Qc7 12. f6 gxf6 13. exf6 Bxf6 14. Bh3
b5 15. Rdf1 Bg7 16. Kb1 b4 17. Nd1 a5 18. Bh6 Nf6 19. Bxg7 Ne4 20. Qh6 Re8
21. Rhg1 Ba6 22. Rf5 Bxe2 23. Rh5 f5 24. Qxh7+ Kf7 25. Be5+ Kf8 26. Qxc7 Ne7
27. gxf5 Nd2+ 28. Ka1 Bxh5 29. f6 Rac8 30. fxe7+ Rxe7 31. Qxc8+ Kf7 32. Rg7#
{Black checkmated}
1-0

[Event "ICC tourney 2790 (30 10)"]
[Site "Internet Chess Club"]
[Date "2022.01.08"]
[Round "4"]
[White "Vikas, Hema:madscience08"]
[Black "S.M, UMER:uncrackable"]
[Result "0-1"]
[ICCResult "White resigns"]
[WhiteElo "1407"]
[BlackElo "1794"]
[Opening "Sicilian defense"]
[ECO "B40"]
[NIC "SI.43"]
[Time "19:00:19"]
[PlyCount "78"]
[TimeControl "1800+10"]

1. e4 c5 2. Nf3 e6 3. d3 Nc6 4. g3 g6 5. Bg2 Bg7 6. O-O Nge7 7. c3 O-O 8. d4
cxd4 9. cxd4 d5 10. e5 Bd7 11. Bg5 Qb6 12. Qd2 Nf5 13. Rd1 f6 14. exf6 Bxf6
15. Bxf6 Rxf6 16. Nc3 Raf8 17. Na4 Qc7 18. Rac1 Qd8 19. Nc5 Bc8 20. g4 Nd6
21. Qc3 Na5 22. Rc2 b6 23. Nb3 Nac4 24. Nbd2 Nxd2 25. Rcxd2 Ne4 26. Qe3 Nxd2
27. Rxd2 Qc7 28. Re2 Qf4 29. Qc3 Qxg4 30. h3 Qh5 31. Re5 Rxf3 32. Bxf3 Qxf3
33. Qd2 Qxh3 34. Qg5 Ba6 35. Re1 Bd3 36. f4 Be4 37. Re2 Rc8 38. f5 Rc1+ 39.
Qxc1 Qh1+ {White resigns} 0-1

[Event "ICC tourney 2790 (30 10)"]
[Site "Internet Chess Club"]
[Date "2022.01.08"]
[Round "4"]
[White "Gyorgy, Zalan:z88"]
[Black "AYYAPPAN, SANTHOSH:SanthoshA"]
[Result "0-1"]
[ICCResult "White resigns"]
[WhiteElo "1586"]
[BlackElo "1643"]
[Opening "Ruy Lopez: closed"]
[ECO "C90"]
[NIC "RL.19"]
[Time "19:00:11"]
[PlyCount "90"]
[TimeControl "1800+10"]

1. e4 e5 2. Nf3 Nc6 3. Bb5 a6 4. Ba4 Nf6 5. O-O Be7 6. Re1 b5 7. Bb3 d6 8.
h3 Na5 9. c3 Nxb3 10. Qxb3 c5 11. d4 Qc7 12. Bg5 O-O 13. Nbd2 c4 14. Qd1 h6
15. Bh4 exd4 16. cxd4 d5 17. e5 Nh7 18. Re3 Bxh4 19. Nxh4 Be6 20. Rg3 Kh8
21. Qh5 b4 22. Rc1 a5 23. f4 Bd7 24. f5 Qb6 25. Rf1 Qxd4+ 26. Rf2 Qxe5 27.
Rgf3 Nf6 28. Qxf7 Qe1+ 29. Rf1 Qxf1+ 30. Rxf1 Rxf7 31. Ndf3 Kh7 32. Ne5 Re7
33. Nhg6 Ree8 34. g4 Bb5 35. Rf3 Rxe5 36. Nxe5 Re8 37. Nf7 Re2 38. g5 hxg5
39. Nxg5+ Kg8 40. Ne6 Rxb2 41. Rg3 Nh5 42. Rg5 Be8 43. f6 g6 44. Nd8 c3 45.
Re5 Nxf6 {White resigns} 0-1

[Event "ICC tourney 2790 (30 10)"]
[Site "Internet Chess Club"]
[Date "2022.01.08"]
[Round "4"]
[White "BAYYARAPU, MOHIT SREEJAN:mohitbayyarapu"]
[Black "PU, LANDON:landonp"]
[Result "1-0"]
[ICCResult "Black resigns"]
[WhiteElo "1677"]
[BlackElo "1632"]
[Opening "Giuoco Piano"]
[ECO "C54"]
[NIC "IG.02"]
[Time "19:00:11"]
[PlyCount "137"]
[TimeControl "1800+10"]

1. e4 e5 2. Nf3 Nc6 3. Bc4 Bc5 4. c3 Nf6 5. d3 d6 6. O-O a5 7. Nbd2 O-O 8.
Re1 Be6 9. Bb3 a4 10. Bxa4 Qd7 11. d4 exd4 12. cxd4 Rxa4 13. Qxa4 Nxd4 14.
Qxd7 Bxd7 15. Nxd4 Bxd4 16. Nf3 Bb6 17. Bd2 Re8 18. e5 Ng4 19. Be3 Ba5 20.
Red1 Nxe5 21. Nxe5 Rxe5 22. a3 Bg4 23. Rdc1 c6 24. b4 Bc7 25. a4 Bd8 26. a5
Bc8 27. a6 bxa6 28. Rxc6 Bb7 29. Rxd6 Bf6 30. Bd4 Rg5 31. Bxf6 Rxg2+ 32. Kf1
gxf6 33. Rxf6 Rxh2 34. Ke2 Rh5 35. Rb6 Re5+ 36. Kd2 Bf3 37. Raxa6 Re2+ 38.
Kc3 h5 39. Rh6 Re4 40. b5 Be2 41. Ra5 Kg7 42. Rc6 Re5 43. Kd4 Rg5 44. f4
Rxb5 45. Rxb5 Bxb5 46. Rc5 Be2 47. Ke3 Bg4 48. f5 Kf6 49. Kf4 Kg7 50. Rc7
Kf6 51. Rc6+ Kg7 52. Kg5 Kh7 53. f6 Bd7 54. Rc7 Be6 55. Kxh5 Bd5 56. Kg5 Be6
57. Kf4 Kg6 58. Ke5 Kg5 59. Re7 Ba2 60. Re8 Bb3 61. Rg8+ Kh6 62. Kd6 Kh7 63.
Rg1 Be6 64. Ke7 Bd5 65. Rg7+ Kh6 66. Rxf7 Kg6 67. Rg7+ Kh6 68. f7 Bxf7 69.
Kxf7 {Black resigns} 1-0

[Event "ICC tourney 2790 (30 10)"]
[Site "Internet Chess Club"]
[Date "2022.01.08"]
[Round "4"]
[White "WANG, ALEXANDER J:ickyquarter"]
[Black "REVELLON, LUCAS:Lukastico"]
[Result "1-0"]
[ICCResult "Black resigns"]
[WhiteElo "1865"]
[BlackElo "1808"]
[Opening "French: advance, Euwe variation"]
[ECO "C02"]
[NIC "FR.03"]
[Time "19:00:13"]
[PlyCount "73"]
[TimeControl "1800+10"]

1. e4 e6 2. d4 d5 3. e5 c5 4. c3 Nc6 5. Nf3 Bd7 6. Be2 Nge7 7. Na3 Nf5 8.
Nc2 cxd4 9. cxd4 Qb6 10. O-O Rc8 11. b3 Na5 12. Ne3 Nxe3 13. Bxe3 Be7 14.
Qd3 a6 15. Rac1 O-O 16. Qb1 Bb5 17. Bxb5 Qxb5 18. Rc2 Rxc2 19. Qxc2 Nc6 20.
Qb1 Rc8 21. Rc1 Ba3 22. Rc3 Qe2 23. h4 Ne7 24. Rxc8+ Nxc8 25. Ng5 g6 26. b4
Ne7 27. Kh2 Qc4 28. Qd1 h6 29. Qa4 Nc6 30. Qxa3 hxg5 31. Bxg5 Qxd4 32. f4
Qxb4 33. Qg3 Qe4 34. Bh6 Kh7 35. Bf8 Nd4 36. Qg5 Qf5 37. Qh6+ {Black
resigns} 1-0

[Event "ICC tourney 2790 (30 10)"]
[Site "Internet Chess Club"]
[Date "2022.01.08"]
[Round "4"]
[White "Aimdilokwong, Alec Daniel:Alec-hine"]
[Black "BOMMIREDDY, SREEKAR:SBomm18"]
[Result "1-0"]
[ICCResult "Black checkmated"]
[WhiteElo "1731"]
[BlackElo "1911"]
[Opening "Trompowsky attack (Ruth, Opocenský opening)"]
[ECO "A45"]
[NIC "QP.07"]
[Time "19:00:11"]
[PlyCount "85"]
[TimeControl "1800+10"]

1. d4 Nf6 2. Bg5 e6 3. e4 h6 4. Bxf6 Qxf6 5. c3 d6 6. Nf3 e5 7. Nbd2 Bd7 8.
Qb3 Bc8 9. Bb5+ c6 10. Be2 Nd7 11. O-O Be7 12. Nc4 O-O 13. Rad1 Re8 14. Rfe1
Bf8 15. Bd3 g5 16. Ne3 Qg6 17. Nf5 Nf6 18. a4 Rb8 19. dxe5 dxe5 20. Bc4 Nd7
21. Qa2 Nc5 22. g4 h5 23. h3 hxg4 24. hxg4 Qf6 25. Kg2 b5 26. axb5 cxb5 27.
Bd5 Bxf5 28. exf5 e4 29. Nd2 Rbd8 30. Rh1 e3 31. Bxf7+ Kg7 32. Bg6 Ne6 33.
Ne4 Qe5 34. Rh7+ Kg8 35. fxe6 Be7 36. Rxe7 Rxe7 37. Rxd8+ Kg7 38. Bf5 e2 39.
Qb1 b4 40. Qh1 Qxe4+ 41. Bxe4 Rxe6 42. Qh8+ Kf7 43. Qf8# {Black checkmated}
1-0

[Event "ICC tourney 2790 (30 10)"]
[Site "Internet Chess Club"]
[Date "2022.01.08"]
[Round "4"]
[White "Hussaini, Faizan:chessgm13"]
[Black "GEVORGYAN, DAVIT:Davo29"]
[Result "1-0"]
[ICCResult "Black checkmated"]
[WhiteElo "1588"]
[BlackElo "1761"]
[Opening "Caro-Kann: exchange variation"]
[ECO "B13"]
[NIC "CK.02"]
[Time "19:00:14"]
[PlyCount "133"]
[TimeControl "1800+10"]

1. e4 c6 2. d4 d5 3. exd5 cxd5 4. Nf3 Nc6 5. c4 Nf6 6. Nc3 Bg4 7. Be3 e6 8.
cxd5 Nxd5 9. Be2 Be7 10. h3 Bh5 11. O-O O-O 12. a3 Bf6 13. Ne4 Nce7 14.
Nxf6+ Nxf6 15. Ne5 Bxe2 16. Qxe2 Ned5 17. Rfc1 Qe7 18. Bg5 Rac8 19. Qf3 Qd6
20. Qb3 Qb6 21. Qxb6 Nxb6 22. Be3 Rxc1+ 23. Rxc1 Rc8 24. Rxc8+ Nxc8 25. Kf1
Kf8 26. Ke2 Ke7 27. Bg5 h6 28. Bxf6+ Kxf6 29. Kd3 Nb6 30. g3 Ke7 31. b3 f6
32. Nc4 Nd5 33. Na5 b6 34. Nc6+ Kd6 35. Nxa7 e5 36. dxe5+ fxe5 37. Nb5+ Kc6
38. Nc3 Nf6 39. Ne4 Nd7 40. Kc4 b5+ 41. Kb4 Nb8 42. Ka5 Nd7 43. b4 Nb6 44.
Nd2 g5 45. h4 gxh4 46. gxh4 Nd5 47. Nf3 e4 48. Nd4+ Kb7 49. Kxb5 Nc3+ 50.
Kc4 Nd1 51. f4 exf3 52. Nxf3 Ne3+ 53. Kc5 Kc7 54. a4 Nf5 55. a5 Kb7 56. b5
Ne7 57. Ne5 Ka8 58. a6 h5 59. b6 Kb8 60. Nc6+ Nxc6 61. Kxc6 Ka8 62. b7+ Kb8
63. a7+ Kxa7 64. Kc7 Ka6 65. b8=Q Ka5 66. Qb3 Ka6 67. Qb6# {Black
checkmated} 1-0